 Dungeon Crawl Stone Soup version 0.25-a0-190-g27fffb8c76 (webtiles) character file.

Game seed: 15053865778732761479, levelgen mode: deterministic

16 Goreval the Skirmisher (level 2, -2/24 HPs)
             Began as a Demonspawn Fighter on Nov 30, 2019.
             Slain by a jackal (3 damage)
             ... on level 1 of the Dungeon.
             The game lasted 00:00:29 (168 turns).

Goreval the Skirmisher (Demonspawn Fighter)          Turns: 168, Time: 00:00:30

Health: -2/24      AC:  6    Str: 16    XL:     2   Next: 41%
Magic:  2/2        EV:  6    Int:  9    God:
Gold:   11         SH:  8    Dex: 12    Spells: 1/1 levels left

rFire    . . .     SeeInvis .   a - +0 trident
rCold    . . .     Gourm    .   c - +0 shield
rNeg     . . .     Faith    .   b - +0 scale mail
rPois    .         Spirit   .   (no helmet)
rElec    .         Reflect  .   (no cloak)
rCorr    .         Harm     .   (no gloves)
MR       .....                  (no boots)
Stlth    +.........             (no amulet)
HPRegen  0.08/turn              (no ring)
MPRegen  0.08/turn              (no ring)

@: no status effects
A: nightstalker 1
a: no special abilities


You were on level 1 of the Dungeon.
You were not hungry.

You visited 1 branch of the dungeon, and saw 1 of its levels.

You collected 11 gold pieces.

Inventory:

Hand Weapons
 a - a +0 trident (weapon)
Armour
 b - a +0 scale mail (worn)
 c - a +0 shield (worn)
Potions
 d - a potion of might
 e - a potion of curing {unknown}
 h - a potion of mutation {unknown}
Comestibles
 f - a ration
 g - 6 chunks of flesh


   Skills:
 + Level 3.1 Fighting
 * Level 2.2 Polearms
 + Level 2.8 Armour
 + Level 2.8 Shields


You had one spell level left.
You didn't know any spells.
Your spell library was empty.

Dungeon Overview and Level Annotations

Branches:
Dungeon (1/15)

Altars:


Innate Abilities, Weirdness & Mutations

You are slightly more attuned to the shadows.


Message History

You hit the jackal. You hit the jackal but do no damage.
You block the jackal's attack. x3
You see here a hobgoblin skeleton.
You closely miss the jackal.
The jackal bites you but does no damage. x2
You hit the jackal. The jackal bites you.
* * * LOW HITPOINT WARNING * * *
The jackal bites you but does no damage.
You block the jackal's attack.
You hit the jackal.
You kill the jackal!
The jackal completely misses you.
The jackal bites you but does no damage.
The hobgoblin hits you but does no damage.
The jackal bites you.
* * * LOW HITPOINT WARNING * * *
You closely miss the jackal. You block the jackal's attack.
You block the hobgoblin's attack.
You hit the jackal but do no damage. The jackal bites you.
You die...

.. #.#. #.#.... ..##.#.#
##...)... #..#...###.).#......
#................?.
#......g..l........ .
###........h#.......
............##.......
.##.##......###.....#######
............†h@÷....#..<..#
##.##.......g#.....#.....#
#.#.........÷.....#.....#
##.#......############'#######
#.........# ≈≈≈≈≈≈≈.≈≈≈≈≈≈≈
#..#.####.# PPP♣♣.≈.≈.♣PP♣♣
#....#....# ♣.P♣♣♣≈.≈♣P.♣♣♣
##..##.##.# ≈≈≈≈≈≈≈.≈≈≈≈≈≈≈
#..##..##.# ≈≈≈≈≈.....≈≈≈≈≈


You could see a jackal and a hobgoblin.

Vanquished Creatures
  A dart slug (D:1)
  A ball python (D:1)
  A giant cockroach (D:1)
  A hobgoblin (D:1)
  4 jackals (D:1)
  A bat (D:1)
  3 frilled lizards (D:1)
  A goblin (D:1)
  A rat (D:1)
14 creatures vanquished.

Notes
Turn   | Place    | Note
-------+----------+-------------------------------------------
     0 | D:1      | Goreval the Demonspawn Fighter began the quest for the Orb.
     0 | D:1      | Reached XP level 1. HP: 18/18 MP: 1/1
   108 | D:1      | Gained mutation: You are slightly more attuned to the
                  | shadows. [demonic ancestry]
   108 | D:1      | Reached XP level 2. HP: 21/24 MP: 2/2
   166 | D:1      | HP: 1/24 [jackal (2)]
   168 | D:1      | Slain by a jackal

Levels and vault maps discovered:
D:1:      lightli_arrival_farm, layout_rooms, chequers_mini_garden

Skill      XL: |  1 |
---------------+----+-----
Polearms       | 2 |  2.2
Fighting       | |  3.1
Armour         | |  2.8
Shields        | |  2.8

Action                   || total
-------------------------++-------
Melee: Trident           ||    75
Armor: Scale mail        ||    75
Dodge: Dodged            ||    36
Block: Shield            ||    59

Table legend:
 A = Non-vault XP
 B = Vault XP
 C = Vault XP percentage of total XP
 D = Non-vault monster count
 E = Vault monster count
 F = Vault count percentage of total count
                 A         B        C        D         E       F
            +---------+---------+-------+---------+---------+-------
      Total |      24 |       0 |   0.0 |      14 |       0 |   0.0
            +---------+---------+-------+---------+---------+-------
        D:1 |      24 |       0 |   0.0 |      14 |       0 |   0.0
            +---------+---------+-------+---------+---------+-------
